 Dungeon Sprint DCSS version 0.27-a0-1322-gfdffb62a71 (webtiles) character file.

Game seed: 7336396498048940722

2118 rocky1 the Blocker (level 9, -2/72 HPs)
             Began as a Formicid Fighter on June 23, 2021.
             Was a Priest of Cheibriados.
             Slain by a ten-headed hydra (6 damage)
             ... in the Dungeon (Sprint IX: "|||||||||||||||||||||||||||||").
             The game lasted 00:03:04 (894 turns).

rocky1 the Blocker (Formicid Fighter)                Turns: 894, Time: 00:03:04

Health: -2/72      AC: 10    Str: 33    XL:     9   Next: 54%
Magic:  12/14      EV: 14    Int: 14    God:    Cheibriados [***...]
Gold:   0          SH: 15    Dex: 19    Spells: 8/8 levels left

rFire    . . .     SeeInvis +   l - +2 scimitar (holy)
rCold    . . .     Faith    .   c - +0 kite shield
rNeg     . . .     Spirit   .   n - +2 ring mail
rPois    .         Reflect  .   (helmet unavailable)
rElec    .         Harm     .   (no cloak)
rCorr    .         Rampage  .   m - +0 pair of gloves
Will     .....                  (no boots)
Stlth    +.........             (no amulet)
HPRegen  0.22/turn              o - +3 ring of dexterity
MPRegen  0.14/turn              p - +3 ring of strength

@: mighty, very slow
A: permanent stasis, dig shafts and tunnels, antennae 3, four strong arms
a: Dig, Renounce Religion, Bend Time, Temporal Distortion


You were in the Dungeon.
You worshipped Cheibriados.
Cheibriados was most pleased with you.
You visited 1 branch

Inventory:

Hand Weapons
 a - a +0 long sword
 k - a +2 morningstar of protection
 l - a +2 scimitar of holy wrath (weapon)
Armour
 c - a +0 kite shield (worn)
 m - a +0 pair of gloves (worn)
 n - a +2 ring mail (worn)
Jewellery
 o - a +3 ring of dexterity (left hand)
 p - a +3 ring of strength (right hand)
Wands
 j - a wand of iceblast (9)
Scrolls
 i - 2 scrolls of amnesia
Potions
 e - 5 potions of curing
 g - 4 potions of magic


   Skills:
 + Level 7.5 Fighting
 + Level 11.9 Long Blades
 + Level 7.5 Armour
 + Level 5.2 Dodging
 + Level 13.9 Shields
 + Level 7.1 Invocations


You had 8 spell levels left.
You didn't know any spells.
Your spell library was empty.

Dungeon Overview and Level Annotations

Branches:
Dungeon (1/1)

Altars:
Cheibriados
Dithmenos
Elyvilon
Fedhas
Gozag
Hepliaklqana
Kikubaaqudgha
Makhleb
Nemelex Xobeh
Okawaru
Qazlal
Ru
Sif Muna
Trog
Uskayaw
Vehumet
Wu Jian
Xom
Yredelemnul
Zin
The Shining One
Beogh
Jiyva
Lugonu


Innate Abilities, Weirdness & Mutations

You cannot be hasted, slowed, berserked, paralysed or teleported.
You can dig through walls and to a lower floor.
You have a pair of large antennae on your head. (SInv)
Your four strong arms can wield two-handed weapons with a shield.


Message History

You slice one of the seven-headed hydra's heads off!
The six-headed hydra grows two more!
You slice the eight-headed hydra!!
The eight-headed hydra is heavily wounded.
The eight-headed hydra bites you!
You block the eight-headed hydra's attack. x3
The eight-headed hydra bites you. x2
* * * LOW HITPOINT WARNING * * *
The eight-headed hydra closely misses you.
The eight-headed hydra bites you.
* * * LOW HITPOINT WARNING * * *
You feel much better.
You block the eight-headed hydra's attack.
The eight-headed hydra closely misses you.
You block the eight-headed hydra's attack.
The eight-headed hydra closely misses you. x2
You block the eight-headed hydra's attack.
The eight-headed hydra bites you. x2
You lop one of the eight-headed hydra's heads off!
The seven-headed hydra grows two more!
You slash the nine-headed hydra!
The nine-headed hydra is heavily wounded.
You block the nine-headed hydra's attack.
The nine-headed hydra bites you! The nine-headed hydra bites you.
The nine-headed hydra bites you but does no damage.
You block the nine-headed hydra's attack.
The nine-headed hydra misses you.
The nine-headed hydra barely misses you.
The nine-headed hydra bites you!
* * * LOW HITPOINT WARNING * * *
You block the nine-headed hydra's attack.
Unknown command.
You hack one of the nine-headed hydra's heads off!
The eight-headed hydra grows two more!
You slice the ten-headed hydra!!
The ten-headed hydra is severely wounded.
The ten-headed hydra bites you but does no damage.
The ten-headed hydra bites you.
* * * LOW HITPOINT WARNING * * *
The ten-headed hydra bites you!
* * * LOW HITPOINT WARNING * * *
The ten-headed hydra bites you.
You die... ▓▓▓▓▓▓▓▓▓▓▓▓▓▓▓▓▓▓▓▓▓▓▓▓ ...oicD@....))[...[.)?.' ▓▓▓▓▓▓▓▓▓▓▓▓▓▓▓▓▓▓▓▓▓▓▓▓ {{{{{{{{ {

You could see a ten-headed hydra, a centaur warrior, a spriggan and an orc wizard (invisible).

Vanquished Creatures
  A centaur warrior (D)
  A two-headed ogre (D)
  An ugly thing (D)
  A shadow (D)
  A yak (D)
  A kobold brigand (D)
  A howler monkey (D)
  A jelly (D)
  A gnoll shaman (D)
  A gnoll (D)
  An adder zombie (D)
  An orc (D)
  An endoplasm (D)
  A ball python (D)
  A ball python skeleton (D)
  A jackal zombie (D)
  A kobold (D)
  A rat (D)
18 creatures vanquished.

Notes
Turn   | Place    | Note
-------+----------+-------------------------------------------
     0 | D        | rocky1 the Formicid Fighter began the quest for the Orb.
     0 | D        | Reached XP level 1. HP: 18/18 MP: 1/1
     5 | D        | Banished a spatial maelstrom
     8 | D        | Reached skill level 4 in Shields
    17 | D        | Reached skill level 5 in Shields
    17 | D        | Reached XP level 2. HP: 1/24 MP: 2/2
   306 | D        | Reached skill level 5 in Long Blades
   306 | D        | Reached skill level 6 in Shields
   306 | D        | Reached XP level 3. HP: 14/29 MP: 3/3
   321 | D        | Reached skill level 7 in Shields
   321 | D        | Reached XP level 4. HP: 7/35 MP: 4/4
   574 | D        | Found a snail-covered altar of Cheibriados.
   574 | D        | Found a shadowy altar of Dithmenos.
   574 | D        | Found a white marble altar of Elyvilon.
   574 | D        | Found a blossoming altar of Fedhas.
   574 | D        | Found an opulent altar of Gozag.
   575 | D        | Found a hazy altar of Hepliaklqana.
   576 | D        | Found a viscous altar of Jiyva.
   577 | D        | Found an ancient bone altar of Kikubaaqudgha.
   578 | D        | Became a worshipper of Cheibriados the Contemplative
   579 | D        | Found a corrupted altar of Lugonu.
   580 | D        | Found a burning altar of Makhleb.
   581 | D        | Found a sparkling altar of Nemelex Xobeh.
   582 | D        | Found an iron altar of Okawaru.
   583 | D        | Found a stormy altar of Qazlal.
   584 | D        | Found a sacrificial altar of Ru.
   585 | D        | Found a shimmering blue altar of Sif Muna.
   586 | D        | Found a bloodstained altar of Trog.
   587 | D        | Found a hide-covered altar of Uskayaw.
   588 | D        | Found a radiant altar of Vehumet.
   589 | D        | Found an ornate altar of the Wu Jian Council.
   590 | D        | Found a shimmering altar of Xom.
   591 | D        | Found a basalt altar of Yredelemnul.
   592 | D        | Found a glowing silver altar of Zin.
   593 | D        | Found a glowing golden altar of the Shining One.
   640 | D        | Noticed a two-headed ogre
   640 | D        | Noticed a kobold brigand
   640 | D        | Noticed a shadow
   640 | D        | Noticed a yak
   645 | D        | Killed a yak
   646 | D        | Reached skill level 10 in Shields
   646 | D        | Reached XP level 5. HP: 41/41 MP: 5/5
   646 | D        | Reached XP level 6. HP: 47/47 MP: 6/6
   659 | D        | Killed a shadow
   659 | D        | Reached * piety under Cheibriados
   660 | D        | Reached skill level 10 in Long Blades
   660 | D        | Reached skill level 12 in Shields
   660 | D        | Reached XP level 7. HP: 46/52 MP: 7/7
   673 | D        | Killed a two-headed ogre
   673 | D        | Reached ** piety under Cheibriados
   674 | D        | Reached skill level 5 in Fighting
   674 | D        | Reached skill level 5 in Armour
   674 | D        | Reached skill level 13 in Shields
   674 | D        | Reached XP level 8. HP: 25/64 MP: 7/11
   874 | D        | Noticed a spriggan
   874 | D        | Noticed a centaur warrior
   874 | D        | Noticed a five-headed hydra
   874 | D        | Noticed a cyan ugly thing
   874 | D        | Noticed a centaur warrior
   882 | D        | Killed a centaur warrior
   883 | D        | Reached XP level 9. HP: 48/72 MP: 11/13
   887 | D        | Killed a cyan ugly thing
   887 | D        | Reached *** piety under Cheibriados
   888 | D        | Reached skill level 5 in Dodging
   894 | D        | Slain by a ten-headed hydra

Illustrated notes

Levels and vault maps discovered:
D:        linesprint [early_d, line_temple, items_1, d_10, items_2, lair_1,
          lair_end, items_3, orc_1, orc_end, items_4, d_15, swamp_1, shoals_1,
          snake_1, spider_1, d_20, vaults_1, items_5, swamp_end, shoals_end,
          snake_end, spider_end, vaults_end, d_27, items_6, zot_1, zot_end,
          crypt_end, forest_end, elf_end, slime_end, tomb_end, abyss_end,
          pan_hell_end]

Skill      XL: |  1  2  3  4  5  6  7  8  9 |
---------------+----------------------------+-----
Shields        | 5 6 7 10 12 13 | 13.9
Long Blades    | 3 5 8 10 11 | 11.9
Fighting       | 5 7 |  7.5
Armour         | 5 6 7 |  7.5
Dodging        | 3 4 5 |  5.2
Invocations    | 4 6 7 |  7.1

Action                   |  1- 3 |  4- 6 |  7- 9 || total
-------------------------+-------+-------+-------++-------
Melee: Long sword        |    35 |     3 |       ||    38
       Scimitar          |       |    17 |    32 ||    49
Evoke: Wand              |       |       |     1 ||     1
  Use: Potion            |       |     1 |     4 ||     5
 Stab: Invisible         |       |       |     4 ||     4
Armor: Scale mail        |    13 |       |       ||    13
       Ring mail         |       |       |     5 ||     5
Dodge: Dodged            |     7 |     8 |    20 ||    35
Block: Kite shield       |    14 |     6 |    29 ||    49
       Rpst.: Long sword |     3 |     1 |       ||     4
       Scimitar          |       |     1 |     3 ||     4

Table legend: (Time is in decaauts)
 A = Elapsed time spent in this place.
 B = Non-inter-level travel time spent in this place.
 C = Inter-level travel time spent in this place.
 D = Time resting spent in this place.
 E = Time spent auto-exploring this place.
 F = Levels seen in this place.
 G = Mean time per level.
                   A        B        C        D        E       F      G
               +--------+--------+--------+--------+--------+-----+--------+
         Total |    915 |    915 |      0 |    703 |      0 |   1 |  915.0 |
       Dungeon |    915 |    915 |      0 |    703 |      0 |   1 |  915.0 |
               +--------+--------+--------+--------+--------+-----+--------+

Top non-repeatable levels by time:
       D: 915 daAuts
